 Dungeon Crawl Stone Soup version 0.28-a0-1389-gc726bef33b (webtiles) character file.

Game seed: 165058955994734944

50 esteth the Magician (level 3, 0/26 HPs)
             Began as a Demonspawn Hedge Wizard on Jan 3, 2022.
             Slain by an adder (3 damage)
             ... on level 3 of the Dungeon.
             The game lasted 00:07:41 (3907 turns).

esteth the Magician (Demonspawn Hedge Wizard)       Turns: 3907, Time: 00:07:42

Health: 0/26       AC:  2    Str: 10    XL:     3   Next: 55%
Magic:  2/7        EV: 14    Int: 17    God:
Gold:   101        SH:  0    Dex: 12    Spells: 3/8 levels left

rFire   . . .      SeeInvis .   a - +0 dagger
rCold   . . .      Faith    .   (no shield)
rNeg    . . .      Spirit   .   b - +0 robe
rPois   .          Reflect  .   c - +0 hat
rElec   .          Harm     .   (no cloak)
rCorr   .          Rampage  .   (no gloves)
Will    .....                   (no boots)
Stlth   ++........              (no amulet)
HPRegen 0.08/turn               (no ring)
MPRegen 0.10/turn               (no ring)

@: lethally poisoned (0 -> -2), about to teleport, very slightly contaminated
A: repulsion field 1, ignite blood 1
a: no special abilities


You were on level 3 of the Dungeon.
You visited 1 branch of the dungeon, and saw 3 of its levels.

You collected 101 gold pieces.

Inventory:

Hand Weapons
 a - a +0 dagger (weapon)
 d - a +0 short sword of flaming
Armour
 b - a +0 robe (worn)
 c - a +0 hat (worn)
 h - a +0 scale mail
Scrolls
 f - a scroll of silence
 j - a scroll of teleportation
 k - a scroll of amnesia
 n - 2 scrolls of identify
Potions
 e - a potion of flight


   Skills:
 + Level 1.6 Fighting
 - Level 0.3 Armour
 - Level 1.7 Dodging
 - Level 1.7 Stealth
 + Level 3.4 Spellcasting
 - Level 1.8 Conjurations
 + Level 1.4 Summonings
 - Level 0.8 Translocations


You had 3 spell levels left.
You knew the following spells:

 Your Spells              Type           Power      Damage    Failure   Level
a - Magic Dart            Conj           36%        1d4       9%          1
b - Call Imp              Summ           7%         N/A       14%         2
c - Blink                 Tloc           10%        N/A       19%         2

Your spell library contained the following spells:

 Spells                   Type           Power      Damage    Failure   Level
 Slow                     Hex            8%         N/A       17%         1
 Ensorcelled Hibernation  Hex/Ice        4%         N/A       26%         2
 Conjure Flame            Conj/Fire      5%         6-21      34%         3
 Mephitic Cloud           Conj/Pois/Air  4%         N/A       36%         3
 Tukima's Dance           Hex            2%         N/A       45%         3
 Enfeeble                 Hex            1%         N/A       100%        7


Dungeon Overview and Level Annotations

Branches:
Dungeon (3/15)

Altars:


Innate Abilities, Weirdness & Mutations

You are surrounded by a mild repulsion field. (EV +2)
Your demonic aura sometimes causes spilled blood to erupt in flames.


Message History

You miscast Magic Dart.
You are very lightly contaminated with residual magic.
Nothing appears to happen.
You feel sick. The adder bites you.
Casting: Magic Dart (safe; 9% risk of failure)
Confirm with . or Enter, or press ? or * to list all spells.
Aiming: Magic Dart (safe; 9% risk of failure)
Press: ? - help, Shift-Dir - straight line, f/p - adder
Aim: an adder (moderately wounded, 100% to hit)
The magic dart hits the adder but does no damage.
The adder is moderately wounded.
You feel sick. The adder misses you.
Casting: Magic Dart (safe; 9% risk of failure)
Confirm with . or Enter, or press ? or * to list all spells.
Aiming: Magic Dart (safe; 9% risk of failure)
Press: ? - help, Shift-Dir - straight line, f/p - adder
Aim: an adder (moderately wounded, 100% to hit)
The magic dart hits the adder but does no damage.
The adder is moderately wounded.
You feel sick. The adder bites you.
You are more poisoned.
The adder poisons you!
Okay, then.
As you read the scroll labelled SAATSE AHEOG LAU, it crumbles to dust.
You speak a Word of immense power!
You are blasted by holy energy!
* * * LOW HITPOINT WARNING * * *
It was a scroll of holy word.
* * * LOW HITPOINT WARNING * * *
You feel sick. The adder closely misses you. x2
As you read the scroll labelled GAMUNU YQECRIU, it crumbles to dust.
You hear a loud clanging noise!
It was a scroll of noise.
* * * LOW HITPOINT WARNING * * *
You feel sick. The adder misses you.
As you read the scroll labelled LIEXUO LUKHLIL, it crumbles to dust.
You feel strangely unstable.
It was a scroll of teleportation.
* * * LOW HITPOINT WARNING * * *
You feel sick. The adder barely misses you.
* * * LOW HITPOINT WARNING * * *
You feel sick. The adder bites you.
You die...

##.......##
##.....##
##...##
##'## #.#
#####.###
#.......#
#.##....#
#....@.>#
#.....S[#
#.#..#..#
.....#.....
###...
...###
#########


You could see an adder.

Vanquished Creatures
  An orc (D:2)
  3 ball pythons
  2 endoplasms
  4 goblins
  6 hobgoblins
  7 jackals
  2 kobolds
  3 quokkas (D:2)
  2 bats (D:1)
  5 frilled lizards
  4 rats
39 creatures vanquished.

Vanquished Creatures (collateral kills)
  A worm (D:3)
1 creature vanquished.

Grand Total: 40 creatures vanquished

Notes
Turn   | Place    | Note
-------+----------+-------------------------------------------
     0 | D:1      | esteth the Demonspawn Hedge Wizard began the quest for the
                  | Orb.
     0 | D:1      | Reached XP level 1. HP: 13/13 MP: 4/4
   285 | D:1      | Gained mutation: You are surrounded by a mild repulsion
                  | field. (EV +2) [demonic ancestry]
   285 | D:1      | Reached XP level 2. HP: 17/20 MP: 6/6
   512 | D:1      | Reached skill level 1 in Fighting
   642 | D:2      | HP: 1/21 [hobgoblin (3)]
  1560 | D:2      | Learned a level 2 spell: Call Imp
  1861 | D:2      | Gained mutation: Your demonic aura sometimes causes spilled
                  | blood to erupt in flames. [demonic ancestry]
  1861 | D:2      | Reached XP level 3. HP: 15/26 MP: 7/7
  3116 | D:2      | Learned a level 2 spell: Blink
  3907 | D:3      | Slain by an adder

Illustrated notes

Levels and vault maps discovered:
D:1:      ncdulo_smallfort, layout_rooms, minmay_misc_feat_doors
D:2:      layout_loops_cross
D:3:      layout_loops_corners, serial_glass, glass_columns_a, glass_columns_b,
          nicolae_concentric_dashed_squares_wild

Skill      XL: |  1  2 |
---------------+-------+-----
Fighting       | 1 |  1.6
Armour         | |  0.3
Dodging        | |  1.7
Stealth        | |  1.7
Spellcasting   | |  3.4
Conjurations   | |  1.8
Summonings     | |  1.4
Translocations | |  0.8

Action                   || total
-------------------------++-------
Melee: Dagger            ||   208
 Cast: Magic Dart        ||    42
       Call Imp          ||     3
  Use: Scroll            ||     6
       Potion            ||     5
 Stab: Sleeping          ||     1
Armor: Scale mail        ||   102
       Robe              ||     4
Dodge: Dodged            ||   164

Table legend: (Time is in decaauts)
 A = Elapsed time spent in this place.
 B = Non-inter-level travel time spent in this place.
 C = Inter-level travel time spent in this place.
 D = Time resting spent in this place.
 E = Time spent auto-exploring this place.
 F = Levels seen in this place.
 G = Mean time per level.
                   A        B        C        D        E       F      G
               +--------+--------+--------+--------+--------+-----+--------+
         Total |   3912 |   3839 |     73 |   1523 |   1591 |   3 | 1304.0 |
       Dungeon |   3912 |   3839 |     73 |   1523 |   1591 |   3 | 1304.0 |
               +--------+--------+--------+--------+--------+-----+--------+

Top non-repeatable levels by time:
     D:2: 1960 daAuts
     D:3: 1157 daAuts
     D:1: 794 daAuts
